 Dungeon Crawl Stone Soup version 0.30-a0-591-g3c58d2bc28 (webtiles) character file.

Game seed: 2824547480742511962

226 bande the Covered (level 6, 0/38 HPs)
             Began as a Gargoyle Fighter on Jan 6, 2023.
             Slain by a black bear (4 damage)
             ... on level 3 of the Dungeon.
             The game lasted 00:03:30 (2501 turns).

bande the Covered (Gargoyle Fighter)                Turns: 2501, Time: 00:03:30

Health: 0/38       AC: 12    Str: 20    XL:     6   Next: 1%
Magic:  6/6        EV:  9    Int:  8    God:
Gold:   162        SH:  4    Dex: 11    Spells: 5/5 levels left

rFire   . . .      SeeInvis .    a - +0 war axe
rCold   . . .      Faith    .    c - +0 buckler
rNeg    + + +      Spirit   .    b - +0 scale mail
rPois   ∞          Reflect  .    e - +0 helmet
rElec   +          Harm     .    (no cloak)
rCorr   .          Rampage  .    (no gloves)
Will    .....                    (no boots) Stlth
                                 (no amulet)
HPRegen 0.26/turn                h - ring of positive energy
MPRegen 0.10/turn                j - ring of positive energy

@: no status effects
A: sickness immunity, AC +4, negative energy resistance 1, electricity
resistance, torment resistance 1, petrification resistance
a: no special abilities


You were on level 3 of the Dungeon.
You visited 1 branch of the dungeon, and saw 4 of its levels.

You collected 162 gold pieces.

Inventory:

Hand Weapons
 a - a +0 war axe (weapon)
 t - a +0 flail
Armour
 b - a +0 scale mail (worn)
 c - a +0 buckler (worn)
 e - a +0 helmet (worn)
Jewellery
 h - a ring of positive energy (left hand)
 j - a ring of positive energy (right hand)
Wands
 f - a wand of iceblast (14)
Scrolls
 k - a scroll of immolation {unknown}
 l - a scroll of amnesia {unknown}
 m - a scroll of poison {unknown}
 p - a scroll of summoning {unknown}
 r - a scroll of identify
 s - a scroll of blinking {unknown}
Potions
 d - a potion of might
 g - a potion of ambrosia {unknown}
 i - 3 potions of curing {unknown}
 n - a potion of heal wounds {unknown}
 o - a potion of flight {unknown}
 q - a potion of haste {unknown}


   Skills:
 + Level 4.0 Fighting
 + Level 4.0 Axes
 + Level 4.1 Armour
 + Level 3.7 Shields
 * Level 1.4 Evocations


You had 5 spell levels left.
You didn't know any spells.
Your spell library contained the following spells:

 Spells                   Type           Power      Damage    Failure   Level
 Beastly Appendage        Tmut           0%         N/A       85%         1
 Wereblood                Tmut           0%         N/A       94%         2
 Spider Form              Tmut/Pois      0%         N/A       99%         3
 Animate Armour           Summ/Erth      0%         N/A       100%        4
 Blade Hands              Tmut           0%         N/A       100%        5
 Iron Shot                Conj/Erth      0%         9d1       100%        6
 Summon Hydra             Summ           0%         N/A       100%        7
 Sublimation of Blood     Necr           Unusable   N/A       N/A         2

Dungeon Overview and Level Annotations

Branches:
Dungeon (4/15)
 Temple: D:4-7

Altars:
Gozag
Kikubaaqudgha


Innate Abilities, Weirdness & Mutations

You are immune to sickness and miasma.
Your stone body is resilient. (AC +4)
You are immune to poison.
You resist negative energy. (rN+)
You are resistant to electric shocks. (rElec)
You are resistant to unholy torment.
You are immune to petrification.


Message History

You are frozen.
The black bear bites you. The black bear claws you.
The black bear barely misses you. The gnoll hits you but does no damage.
You climb upwards.
There is a stone staircase leading down here.
Unknown command.
You hit the black bear.
The black bear is lightly wounded.
You hit the endoplasm. The black bear barely misses you.
The black bear claws you but does no damage. x2
The endoplasm hits you but does no damage.
Unknown command.
You completely miss the black bear.
The black bear is lightly wounded.
You completely miss the endoplasm. The black bear closely misses you.
The black bear claws you.
The black bear claws you but does no damage.
The endoplasm freezes you.
You are frozen.
Unknown command.
You hit the black bear.
The black bear is lightly wounded.
You slash the endoplasm!
You kill the endoplasm!
The black bear barely misses you.
The black bear claws you but does no damage.
The black bear closely misses you.
Unknown command.
You slash the black bear!
The black bear is heavily wounded.
The black bear bites you.
* * * LOW HITPOINT WARNING * * *
The black bear claws you but does no damage.
The black bear closely misses you. You block the black bear's attack.
The black bear claws you.
* * * LOW HITPOINT WARNING * * *
The black bear barely misses you.
You hit the black bear.
The black bear is heavily wounded.
The black bear bites you.
You die...

....## #....................#
..### #.........#..........# ..#
#..##..#.[####.....#.# ..#
#......#..####....##.### ..#
######...##.#......<#..=.#..# ..#
#........##)).########..###.#
..###.##........[...(..###.## ##.
.........##..##.)).....##.## ##
.........##...##@h.....###.## ##.
........##.###.###.....##...###.#
..###.####.# #.# #.....##....#..#
..# #......###.# ########.###.###
..# #######...## #.# ### ..#
###.###########.# ..##
#.#...........#
...##########..###.######.#
..^........##.## ##.### #.#


You could see a black bear.

Vanquished Creatures
  A phantom (D:3)
  An orc priest (D:3)
  3 gnolls (D:3)
  5 adders
  2 worms (D:2)
  4 orcs
  3 ball pythons (D:1)
  6 endoplasms
  3 giant cockroaches (D:1)
  3 goblins
  4 hobgoblins
  A quokka (D:3)
  4 bats
  A frilled lizard (D:1)
  A kobold (D:1)
  3 rats (D:1)
45 creatures vanquished.

Vanquished Creatures (others)
  A plant (D:1)
1 creature vanquished.

Grand Total: 46 creatures vanquished

Notes
Turn   | Place    | Note
-------+----------+-------------------------------------------
     0 | D:1      | bande the Gargoyle Fighter began the quest for the Orb.
     0 | D:1      | Reached XP level 1. HP: 14/14 MP: 1/1
   267 | D:1      | Reached XP level 2. HP: 19/19 MP: 2/2
   664 | D:1      | Found a faded altar of an unknown god.
   976 | D:2      | Reached XP level 3. HP: 23/23 MP: 3/3
  1358 | D:2      | Reached XP level 4. HP: 28/28 MP: 4/4
  1381 | D:2      | Found an ancient bone altar of Kikubaaqudgha.
  2036 | D:3      | Reached XP level 5. HP: 31/33 MP: 5/5
  2061 | D:3      | Noticed a phantom
  2069 | D:3      | Killed a phantom
  2070 | D:3      | Reached skill level 1 in Evocations
  2130 | D:3      | Found an opulent altar of Gozag.
  2483 | D:4      | Noticed a black bear
  2485 | D:4      | Reached XP level 6. HP: 38/38 MP: 6/6
  2501 | D:3      | Slain by a black bear

Illustrated notes

Levels and vault maps discovered:
D:1:      eino_arrival_druids_welcome, layout_loops_corners,
          hellmonk_ecumenical_altar_arch_garden
D:2:      layout_loops_ring, basic_altar
D:3:      layout_loops_cross, lemuel_coloured_pillars_altar,
          hangedman_decor_points
D:4:      layout_cave_pools

Skill      XL: |  1  2  3  4  5 |
---------------+----------------+-----
Axes           | 2 3 4 |  4.0
Armour         | 4 |  4.1
Evocations     | 1 |  1.4
Fighting       | 4 |  4.0
Shields        | |  3.7

Action                   |  1- 3 |  4- 6 || total
-------------------------+-------+-------++-------
Melee: War axe           |    88 |    58 ||   146
  Use: Scroll            |     2 |       ||     2
Armor: Scale mail        |    55 |    35 ||    90
Dodge: Dodged            |    38 |    36 ||    74
Block: Buckler           |    23 |    18 ||    41

Table legend: (Time is in decaauts)
 A = Elapsed time spent in this place.
 B = Non-inter-level travel time spent in this place.
 C = Inter-level travel time spent in this place.
 D = Time resting spent in this place.
 E = Time spent auto-exploring this place.
 F = Levels seen in this place.
 G = Mean time per level.
                   A        B        C        D        E       F      G
               +--------+--------+--------+--------+--------+-----+--------+
         Total |   2562 |   2499 |     63 |    153 |   1906 |   4 |  640.5 |
       Dungeon |   2562 |   2499 |     63 |    153 |   1906 |   4 |  640.5 |
               +--------+--------+--------+--------+--------+-----+--------+

Top non-repeatable levels by time:
     D:3: 971 daAuts
     D:1: 895 daAuts
     D:2: 677 daAuts
     D:4: 18 daAuts
